Map: Oceanborn LE

Players

Zeratul

  • Race: Terran Terran
  • Spawn Location: 11:00

VOD

Have the link to the VOD?

Description

Time

  • Played on: Oct. 3, 2024, 7:22 p.m.
  • Length: 9:00
Show
View Real Time Build Order
Export as new Build Order

Zeratul Terran 

Build Orders:  

Get SALT Encoding   

  12  0:00  SCV  
  13  0:17  SCV  
  14  0:24  Supply Depot  
  14  0:34  SCV  
  15  0:54  SCV  
  15  0:57  Barracks  
  16  1:03  Refinery  
  16  1:11  SCV  
  17  1:28  SCV  
  18  1:45  SCV  
  19  2:04  Orbital Command  
  19  2:09  Reaper  
  20  2:19  Command Center  
  20  2:35  Supply Depot  
  20  2:40  SCV  
  20  2:49  Marine  
  22  2:57  SCV  
  22  2:59  Factory  
  23  3:10  Refinery  
  23  3:14  SCV  
  24  3:23  Barracks Reactor  
  24  3:26  Refinery  
  24  3:31  SCV  
  24  3:38  Barracks  
  25  3:48  Unknown, SCV  
  25  4:01  Factory Tech Lab  
  25  4:05  SCV  
  25  4:07  Orbital Command  
  26  4:16  Starport  
  26  4:22  SCV  
  26  4:24  Stimpack  
  26  4:29  Marine  
  28  4:30  Marine  
  28  4:39  SCV  
  30  4:43  SCV  
  30  4:45  Factory Reactor  
  31  4:56  SCV  
  32  5:00  SCV  
  32  5:02  Marine  
  32  5:03  Marine  
  35  5:12  SCV  
  35  5:17  SCV  
  40  5:28  Supply Depot  
  40  5:29  SCV  
  41  5:34  SCV  
  41  5:35  Marine  
  41  5:36  Marine  
  44  5:46  SCV  
  45  5:50  Fusion Core  
  45  5:51  SCV  
  45  5:53  Factory Reactor  
  46  6:01  Supply Depot  
  46  6:03  SCV  
  46  6:05  Supply Depot  
  46  6:08  SCV, Refinery  
  48  6:18  Unknown  
  48  6:20  SCV  
  48  6:25  SCV  
  53  6:31  Starport  
  53  6:37  SCV  
  54  6:41  SCV, Barracks  
  55  6:54  SCV  
  55  6:58  Factory Reactor, SCV  
  57  7:00  Barracks  
  57  7:11  SCV  
  58  7:20  Unknown  
  58  7:24  Marine x2  
  58  7:25  Marine  
  58  7:26  Barracks  
  61  7:35  Supply Depot  
  61  7:37  SCV  
  61  7:38  Supply Depot  
  68  7:55  Medivac  
  70  8:05  Medivac, Marine x3  
  70  8:08  Supply Depot  
  75  8:13  Supply Depot  
  75  8:18  Barracks Reactor  
  75  8:19  Marine  
  76  8:20  Marine  
  77  8:30  Marine x3  
  77  8:34  Barracks Reactor  
  80  8:40  Unknown x2  
  80  8:49  Unknown  
Tags
 
Add a new tag
Caveats
  • Supply blocks, unpowered buildings, or Contaminate may cause inaccurate times.
  • Supply counts are checked every 10 seconds.